Map: Deathaura LE

Players

Vanya - Winner!

  • Race: Zerg Zerg
  • League: Grandmaster
  • Spawn Location: 5:00

SortOf

  • Race: Zerg Zerg
  • League: Grandmaster
  • Spawn Location: 11:00

Event: DreamHack SC2 Masters 2020 Summer Europe

VOD

Have the link to the VOD?

Description

Time

  • Played on: June 26, 2020, 1:25 p.m.
  • Length: 10:46

All games in this series

Show
View Real Time Build Order
Export as new Build Order

Vanya Zerg - Winner!

Build Orders: Hatch First 

Get SALT Encoding   

  12  0:00  Drone  
  13  0:12  Overlord  
  13  0:16  Drone  
  14  0:30  Drone x2  
  16  0:47  Hatchery  
  15  0:50  Drone  
  15  0:53  Drone  
  15  0:57  Drone  
  18  1:08  Extractor  
  17  1:11  Spawning Pool  
  17  1:15  Drone  
  17  1:18  Drone  
  18  1:27  Drone  
  19  1:38  Drone  
  20  1:49  Drone  
  21  1:58  Queen x2  
  21  1:59  Zergling x2  
  21  2:00  Overlord  
  26  2:08  Metabolic Boost  
  26  2:10  Drone  
  26  2:11  Drone  
  28  2:21  Drone  
  28  2:22  Drone  
  30  2:32  Hatchery  
  30  2:34  Zergling x2  
  30  2:37  Zergling x2  
  30  2:42  Drone x2  
  33  2:47  Baneling Nest  
  32  2:52  Overlord  
  32  2:53  Drone  
  33  3:02  Queen  
  33  3:04  Drone  
  36  3:12  Drone  
  36  3:13  Drone x3  
  36  3:16  Overlord  
  36  3:19  Zergling x2  
  40  3:21  Zergling x2  
  40  3:24  Drone  
  42  3:27  Drone  
  42  3:34  Evolution Chamber, Drone  
  43  3:38  Drone  
  43  3:39  Lair  
  44  3:42  Drone x2  
  44  3:46  Drone  
  44  3:47  Extractor  
  45  3:52  Zergling x4  
  45  3:54  Drone  
  48  3:58  Drone x2  
  50  4:02  Roach Warren  
  50  4:05  Drone x2  
  50  4:06  Evolution Chamber  
  50  4:09  Zerg Missile Weapons Level 1  
  51  4:10  Extractor  
  51  4:15  Overlord  
  51  4:17  Drone x4  
  51  4:20  Drone x2  
  56  4:27  Overlord  
  56  4:30  Drone  
  57  4:32  Drone  
  57  4:35  Drone x5  
  63  4:42  Drone x3  
  65  4:46  Glial Reconstitution  
  65  4:47  Extractor  
  65  4:48  Drone  
  65  4:50  Drone  
  65  4:52  Extractor  
  65  4:53  Roach  
  65  4:54  Roach x2  
  65  4:57  Overlord  
  73  5:00  Roach  
  73  5:02  Overlord x2  
  73  5:09  Overlord  
  73  5:17  Baneling x2  
  73  5:18  Roach x4  
  73  5:19  Overlord  
  73  5:20  Overlord  
  81  5:22  Roach  
  81  5:27  Roach x3  
  89  5:32  Roach x2  
  90  5:37  Roach x3  
  90  5:42  Roach x2  
  99  5:46  Overlord  
  99  5:49  Ravager x3  
  102  5:50  Ravager  
  103  5:58  Roach x5  
  113  6:07  Roach x5  
  113  6:09  Overlord  
  123  6:12  Roach x2  
  123  6:15  Roach  
  129  6:19  Ravager  
  129  6:20  Overlord  
  130  6:29  Roach x4  
  138  6:33  Overlord  
  138  6:41  Roach x6  
  138  6:48  Roach x4  
  138  6:51  Roach x2  
  148  6:56  Roach x2  
  148  7:04  Roach x4  
  148  7:07  Roach x2  
  130  7:19  Roach x6  
  131  7:27  Roach x3  
  133  7:34  Roach x3  
  139  7:39  Extractor  
  139  7:41  Spire  
  139  7:42  Drone x3  
  140  7:45  Drone  
  141  7:56  Drone x2  
  141  7:57  Drone x2  
  141  7:58  Drone  
  146  8:00  Hatchery, Overlord  
  145  8:11  Overlord  
  141  8:31  Drone  
  141  8:32  Drone x5  
  144  8:40  Drone x2  
  143  8:42  Extractor  
  143  8:45  Extractor  
  127  8:49  Roach x12  
  149  8:57  Mutalisk x3  
  149  9:02  Mutalisk x2  
  161  9:09  Mutalisk x2  
  161  9:14  Overlord  
  165  9:19  Mutalisk  
  165  9:20  Mutalisk  
  153  9:24  Drone  
  153  9:25  Drone x3  
  157  9:35  Mutalisk x2, Extractor  
  157  9:38  Roach x4, Extractor  
  165  9:43  Roach x2  
  169  9:48  Roach x3  
  175  10:01  Mutalisk x2  
  179  10:07  Overlord  
  179  10:09  Mutalisk x2  
  179  10:11  Overlord  
  181  10:15  Mutalisk x2  
  181  10:28  Evolution Chamber  
Show
View Real Time Build Order
Export as new Build Order

SortOf Zerg 

Build Orders: Hatch First 

Get SALT Encoding   

  12  0:00  Drone  
  13  0:12  Overlord  
  13  0:16  Drone  
  14  0:30  Drone x2  
  16  0:47  Hatchery  
  15  0:51  Drone  
  15  0:54  Drone  
  18  0:57  Drone  
  18  1:08  Extractor  
  17  1:13  Spawning Pool  
  17  1:15  Drone  
  17  1:18  Drone  
  18  1:27  Drone  
  19  1:38  Drone  
  20  1:51  Drone  
  21  2:00  Queen x2  
  21  2:01  Overlord, Zergling x2  
  26  2:10  Drone  
  26  2:11  Drone  
  26  2:12  Metabolic Boost  
  28  2:22  Zergling x2  
  29  2:23  Drone  
  30  2:32  Hatchery  
  30  2:35  Drone  
  30  2:38  Drone  
  31  2:46  Baneling Nest  
  31  2:48  Overlord  
  30  2:52  Drone  
  31  2:58  Overlord  
  31  3:05  Zergling x2  
  32  3:08  Drone  
  32  3:10  Queen  
  32  3:11  Drone  
  35  3:14  Zergling x2  
  35  3:15  Drone  
  35  3:18  Drone  
  38  3:21  Drone  
  38  3:22  Drone  
  38  3:24  Zergling x2  
  41  3:27  Drone  
  41  3:30  Drone  
  41  3:33  Evolution Chamber  
  42  3:35  Baneling  
  42  3:37  Drone  
  42  3:40  Drone  
  42  3:41  Drone  
  45  3:43  Drone  
  45  3:45  Drone  
  45  3:46  Drone  
  48  3:49  Drone x2  
  48  3:54  Lair  
  50  3:58  Drone x2  
  50  4:01  Drone  
  52  4:04  Zerg Missile Weapons Level 1  
  52  4:07  Extractor x2  
  52  4:08  Zergling x2  
  52  4:10  Drone x2  
  52  4:16  Roach Warren  
  52  4:17  Drone  
  53  4:18  Drone  
  53  4:21  Overlord  
  53  4:23  Drone  
  55  4:24  Drone  
  55  4:25  Drone  
  55  4:27  Drone  
  57  4:34  Overlord  
  57  4:37  Overlord  
  57  4:40  Overlord  
  57  4:41  Drone x3  
  60  4:48  Drone x2  
  60  4:52  Drone  
  63  4:54  Overseer, Extractor x2  
  63  4:57  Nydus Network  
  63  4:58  Drone x2  
  62  5:00  Glial Reconstitution, Drone x3  
  62  5:03  Baneling  
  62  5:06  Roach  
  66  5:11  Roach  
  66  5:13  Roach  
  66  5:14  Zergling x4  
  74  5:16  Overlord  
  74  5:19  Drone  
  75  5:23  Roach x5  
  75  5:25  Roach  
  75  5:28  Drone  
  88  5:30  Drone  
  88  5:32  Overlord  
  88  5:35  Overlord  
  87  5:38  Drone x3  
  87  5:42  Roach x2  
  92  5:48  Roach x3  
  98  5:50  Pneumatized Carapace  
  106  5:57  Roach x4  
  106  5:58  Zerg Missile Weapons Level 2  
  106  5:59  Overlord  
  106  6:09  Overlord x2  
  106  6:10  Overlord  
  106  6:13  Overseer  
  106  6:14  Overlord  
  106  6:23  Overlord  
  106  6:26  Overlord  
  106  6:31  Roach x6  
  122  6:33  Roach  
  126  6:42  Roach x2  
  126  6:46  Roach x4  
  113  6:54  Queen  
  113  6:55  Roach x5  
  115  7:03  Roach x4  
  115  7:06  Roach  
  98  7:11  Drone x2  
  90  7:16  Roach  
  88  7:23  Roach x3  
  88  7:27  Spire  
  88  7:28  Extractor  
  88  7:29  Hatchery  
  87  7:32  Roach  
  89  7:44  Drone x2  
  91  7:45  Roach  
  91  7:49  Roach x3  
  99  7:52  Roach  
  99  7:56  Roach x3  
  108  7:58  Ravager x2  
  108  8:02  Roach  
  111  8:08  Roach  
  113  8:13  Roach x3  
  117  8:20  Roach x2  
  117  8:25  Roach x3  
  127  8:34  Zergling x2  
  127  8:40  Zergling x4  
  128  8:45  Roach  
  116  8:59  Mutalisk x4  
  124  9:03  Zergling x6  
  124  9:04  Zergling x4  
  124  9:06  Hatchery  
  128  9:14  Mutalisk  
  130  9:22  Mutalisk  
  126  9:27  Mutalisk  
  128  9:32  Mutalisk  
  128  9:35  Overlord  
  129  9:40  Extractor  
  129  9:41  Overlord x2  
  129  9:44  Hatchery  
  126  9:48  Overlord  
  126  9:50  Overlord  
  126  9:54  Mutalisk  
  126  9:57  Mutalisk  
  121  10:07  Mutalisk  
  121  10:15  Mutalisk  
  115  10:22  Mutalisk  
  115  10:27  Drone x2  
  113  10:28  Drone  
  113  10:29  Drone  
Tags
 
Add a new tag
Caveats
  • Supply blocks, unpowered buildings, or Contaminate may cause inaccurate times.
  • Supply counts are checked every 10 seconds.